 Dungeon Crawl Stone Soup version 0.30-a0-840-ga523dec638 (webtiles) character file.

Game seed: 10927181752367800892

48 Pimp the Covered (level 3, -2/33 HPs)
             Began as an Armataur Fighter on Mar 1, 2023.
             Slain by a scorpion (5 damage)
             ... on level 2 of the Dungeon.
             The game lasted 00:01:15 (906 turns).

Pimp the Covered (Armataur Fighter)                  Turns: 906, Time: 00:01:16

Health: -2/33      AC:  8    Str: 23    XL:     3   Next: 50%
Magic:  3/3        EV:  5    Int:  8    God:
Gold:   55         SH:  4    Dex:  9    Spells: 2/2 levels left

rFire   . . .      SeeInvis .    a - +0 war axe
rCold   . . .      Faith    .    c - +0 buckler
rNeg    . . .      Spirit   .    l - +0 chain mail
rPois   .          Reflect  .    (no helmet)
rElec   .          Harm     .    (no cloak)
rCorr   .          Roll     +    (no gloves)
Will    .....                    (no barding) Stlth
                                 (no amulet)
HPRegen 0.25/turn                (no ring)
MPRegen 0.08/turn                (no ring)

@: brilliant, lethally poisoned (-2 -> -12)
A: large, rugged brown scales 3, deformed body, armoured tail, roll, long
tongue, awkward tongue
a: no special abilities


You were on level 2 of the Dungeon.
You visited 1 branch of the dungeon, and saw 2 of its levels.

You collected 55 gold pieces.

Inventory:

Hand Weapons
 a - a +0 war axe (weapon)
Armour
 b - a +0 scale mail
 c - a +0 buckler (worn)
 e - an orb of guile
 l - a +0 chain mail (worn)
Jewellery
 h - a +6 ring of intelligence
 k - an amulet of regeneration
Scrolls
 f - 4 scrolls of fog {unknown}
 g - 3 scrolls of identify {unknown}
 j - a scroll of blinking {unknown}
 o - a scroll of amnesia {unknown}
 p - a scroll of immolation {unknown}
 q - a scroll of butterflies {unknown}
Potions
 d - a potion of might
 m - a potion of curing {unknown}
 n - a potion of mutation {unknown}


   Skills:
 + Level 3.1 Fighting
 + Level 2.1 Axes
 + Level 4.2 Armour
 + Level 3.8 Shields


You had 2 spell levels left.
You didn't know any spells.
Your spell library contained the following spells:

 Spells                   Type           Power      Damage    Failure   Level
 Blink                    Tloc           0%         N/A       99%         2
 Lesser Beckoning         Tloc           0%         N/A       99%         2
 Momentum Strike          Conj/Tloc      0%         3d8       99%         2
 Frozen Ramparts          Ice            0%         1d1       100%        3
 Blade Hands              Tmut           0%         N/A       100%        5
 Polar Vortex             Ice            0%         N/A       100%        9


Dungeon Overview and Level Annotations

Branches:
Dungeon (2/15)

Altars:


Innate Abilities, Weirdness & Mutations

You are completely covered in rugged brown scales. (AC +3, +7% HP)
Armour fits poorly on your strangely shaped body.
You have a long armoured tail.
You roll when moving toward enemies. (Rampage)
Your long tongue fully drains potion bottles. (2x potion effects)
Your tongue gives you trouble enunciating. (1.5x scroll delay)


Message History

The ball python bites you but does no damage.
You slash the kobold!
You kill the kobold!
You slash the ball python!
You kill the ball python!
f - 4 scrolls labelled FIEL VAHIQIPOU (gained 1)
Found a robe.
o - a scroll labelled URPHOVY OFIP DURCH
p - a scroll labelled LUSKYA YPSICA You now have 55 gold pieces (gained 9).
Found 4 stones.
q - a scroll labelled CAOFAS EGE You see here 4 stones.
Found a stone staircase leading up.
A scorpion comes into view.
You hit the scorpion.
The scorpion is lightly wounded.
You block the scorpion's attack. The scorpion stings you.
You are poisoned.
The scorpion poisons you!
You barely miss the scorpion.
The scorpion is lightly wounded.
You feel very sick. The scorpion stings you.
You closely miss the scorpion. You tail-slap the scorpion.
The scorpion is moderately wounded.
You feel sick. The scorpion stings you. x2
You slash the scorpion!
The scorpion is severely wounded.
You feel sick. The scorpion barely misses you. The scorpion stings you.
* * * LOW HITPOINT WARNING * * *
You are lethally poisoned!
The scorpion poisons you!
You slurp down every last drop of the fuming purple potion!
It was a potion of brilliance.
You feel clever all of a sudden.
* * * LOW HITPOINT WARNING * * *
You feel very sick. The scorpion stings you.
You die...

# ##.# ##.# ##.# # #####.# ##.#
#####.#####.s...# ##..
..........#@########.
##.##.########.#..........
##.#..##..........###############
##.#[# #..........# #..........
.....###..........#####.#########
#.>............#.....##.......# #
##.##############.##.########.# #
##... .............# #.# # #####
########.#.#.### #.# #


You could see a scorpion.

Vanquished Creatures
  An adder (D:2)
  A gnoll (D:1)
  4 ball pythons
  3 endoplasms (D:2)
  2 giant cockroaches (D:1)
  A goblin (D:1)
  5 hobgoblins (D:1)
  4 kobolds
  A quokka (D:1)
  2 bats (D:1)
  3 rats
27 creatures vanquished.

Notes
Turn   | Place    | Note
-------+----------+-------------------------------------------
     0 | D:1      | Pimp the Armataur Fighter began the quest for the Orb.
     0 | D:1      | Reached XP level 1. HP: 19/19 MP: 1/1
   122 | D:1      | Reached XP level 2. HP: 26/26 MP: 2/2
   221 | D:1      | Reached skill level 4 in Armour
   357 | D:1      | Got the Elucidation of Composition and Refrigeration
   419 | D:1      | Reached XP level 3. HP: 33/33 MP: 3/3
   422 | D:1      | Found a faded altar of an unknown god.
   901 | D:2      | Noticed a scorpion
   906 | D:2      | Slain by a scorpion

Illustrated notes

Levels and vault maps discovered:
D:1:      pf_arrival_petrified_forest, layout_rooms, basic_ecumenical_altar,
          dk_noncrumbling_4, minmay_pentomino_z2
D:2:      layout_basic

Skill      XL: |  1  2 |
---------------+-------+-----
Armour         | 4 |  4.2
Fighting       | 3 |  3.1
Axes           | 2 |  2.1
Shields        | |  3.8

Action                     || total
---------------------------++-------
  Melee: War axe           ||    62
         Tailslap          ||     4
    Use: Potion            ||     1
 Armour: Scale mail        ||    42
         Chain mail        ||    10
  Dodge: Dodged            ||    21
  Block: Buckler           ||    16

Table legend: (Time is in decaauts)
 A = Elapsed time spent in this place.
 B = Non-inter-level travel time spent in this place.
 C = Inter-level travel time spent in this place.
 D = Time resting spent in this place.
 E = Time spent auto-exploring this place.
 F = Levels seen in this place.
 G = Mean time per level.
                   A        B        C        D        E       F      G
               +--------+--------+--------+--------+--------+-----+--------+
         Total |    933 |    910 |     23 |     90 |    631 |   2 |  466.5 |
       Dungeon |    933 |    910 |     23 |     90 |    631 |   2 |  466.5 |
               +--------+--------+--------+--------+--------+-----+--------+

Top non-repeatable levels by time:
     D:1: 615 daAuts
     D:2: 317 daAuts
